 Dungeon Crawl Stone Soup version 0.20.1-1-g8b1a95d (webtiles) character file.

354 LittleSunflower the Slasher (level 6, -1/44 HPs)
             Began as an Octopode Monk on Aug 17, 2017.
             Slain by an orc wizard
             ... wielding a +0 dagger
              (3 damage)
             ... on level 4 of the Dungeon.
             The game lasted 00:18:47 (3971 turns).

LittleSunflower the Slasher (Octopode Monk)         Turns: 3971, Time: 00:18:48

Health: -1/44      AC:  1    Str: 10    XL:     6   Next: 62%
Magic:  6/6        EV: 15    Int: 12    God:
Gold:   222        SH:  0    Dex: 17    Spells: 5/5 levels left

rFire    . . .     SeeInvis .   a - +0 falchion
rCold    . . .     Gourm    .   (no shield)
rNeg     . . .     Faith    .   (helmet restricted)
rPois    .         Spirit   .   (no amulet)
rElec    .         Reflect  .   (no ring)
rCorr    .         Harm     .   (no ring)
MR       .....                  (no ring)
Stlth    +++.......             (no ring)
Regen    0.2/turn               (no ring)
MPRegen  0.1/turn               (no ring)
                                (no ring)
                                (no ring)

@: no status effects
A: almost no armour, stealthy swim, amphibious, 8 rings, constrict 8, camouflage
1, gelatinous body 1
a: no special abilities


You were on level 4 of the Dungeon.
You were not hungry.

You visited 1 branch of the dungeon, and saw 4 of its levels.

You collected 222 gold pieces.

Inventory:

Hand Weapons
 a - a +0 falchion (weapon)
 v - a +0 hunting sling
Missiles
 i - a throwing net
 s - 144 stones (quivered)
 x - 2 tomahawks
Armour
 C - a cursed +0 buckler
Jewellery
 f - an uncursed amulet of the gourmand {unknown}
Wands
 r - a wand of random effects (6/48)
 w - a wand of clouds (2/9)
 y - a wand of confusion (0/48)
Scrolls
 c - 3 scrolls of teleportation {unknown}
 d - 2 scrolls of fear {unknown}
 h - 2 scrolls of remove curse {unknown}
 j - 7 scrolls of identify {unknown}
 k - a scroll of noise {unknown}
 t - a scroll of immolation {unknown}
 A - a scroll of enchant armour {unknown}
 B - a scroll of recharging {unknown}
Potions
 e - 4 potions of heal wounds {unknown}
 g - 2 potions of curing {unknown}
 l - a potion of lignification {unknown}
 m - a potion of magic {unknown}
 p - a potion of berserk rage {unknown}
 q - a potion of invisibility {unknown}
 u - 2 potions of flight {unknown}
Comestibles
 b - 5 bread rations
 n - a meat ration
 o - 4 fruits
 z - a chunk of flesh


   Skills:
 + Level 4.6 Fighting
 * Level 5.6 Long Blades
 + Level 4.0 Dodging
 - Level 2.6 Stealth


You had 5 spell levels left.
You didn't know any spells.

Dungeon Overview and Level Annotations

Branches:
Dungeon (4/15)
 Temple: D:4-7

Altars:

Annotations:
D:4 1 runed door, Dowan; Duvessa; Natasha; Theopeo's ghost, amateur MiMo


Innate Abilities, Weirdness & Mutations

You cannot wear most types of armour.
You are very stealthy in the water. (Stealth+)
You are amphibious.
You can wear up to eight rings at the same time.
You can use your tentacles to constrict eight enemies at once.
Your skin changes colour to match your surroundings (Stealth+).
Your rubbery body absorbs attacks. (AC +1, EV +1)


Message History

You hit the orc.
You kill the orc!
You closely miss something. Something hits you. x2
You miss something. Your squeeze misses something. Something hits you.
You miss something. Something hits you. x2
You hit something.
You hear some strange, mumbled words.
A puff of frost appears from out of thin air!
The puff of frost hits you!
You hit something. Something hits you but does no damage. Something hits you.
You hit something but do no damage. Something hits you.
* * * LOW HITPOINT WARNING * * *
You hit something. Your squeeze misses something.
Something hits you but does no damage. Something hits you.
* * * LOW HITPOINT WARNING * * *
You hit something. Something barely misses you.
You closely miss something. You squeeze something. Something hits you.
* * * LOW HITPOINT WARNING * * *
Something hits you.
You die...

................##.#.....#.
................##.#.....#.
........o.......##.#.....#.
........#.###.#.##.#####.#.
........#.###.#.##.# #.#.
#+#####o#.(##.#.##.# #.#.
#.##.##.#.##.# #.#.
#.##{##.#.##.# #)#.
#.##@##.#.##.# ###...
#.##.##.#.##.# #...#.
##e#########.##..#....#.#
#.....
......oo.o.{.###.###.##.#
#..... .#.###########
#.###.##.# #.....
#..##.##.###.....
##.##.##.#.....##
#.##.##.#)######
#.##.##.#.#.....


You could see an orc.

Vanquished Creatures
  A scorpion (D:4)
  2 orc priests (D:3)
  A bullfrog skeleton (D:3)
  Ijyb (D:3)
  An orc wizard (D:4)
  A worker ant (D:4)
  2 adders
  An ooze (D:1)
  5 worms
  2 dart slugs
  2 leopard geckos
  14 orcs
  2 ball pythons
  7 bats
  3 giant cockroaches (D:1)
  9 hobgoblins
  5 jackals (D:3)
  4 frilled lizards
  12 goblins
  4 kobolds
  9 rats
88 creatures vanquished.

Notes
Turn   | Place    | Note
-------+----------+-------------------------------------------
     0 | D:1      | LittleSunflower the Octopode Monk began the quest for the Orb.
     0 | D:1      | Reached XP level 1. HP: 16/16 MP: 1/1
    72 | D:1      | Reached XP level 2. HP: 19/21 MP: 2/2
   291 | D:1      | Reached XP level 3. HP: 21/26 MP: 3/3
   781 | D:2      | Found a faded altar of an unknown god.
  1028 | D:2      | Reached skill level 4 in Long Blades
  1028 | D:2      | Reached XP level 4. HP: 31/32 MP: 4/4
  1925 | D:3      | Reached XP level 5. HP: 37/37 MP: 5/5
  2052 | D:3      | Noticed Ijyb
  2348 | D:3      | Killed Ijyb
  2682 | D:3      | Reached skill level 5 in Long Blades
  2788 | D:3      | Reached XP level 6. HP: 42/43 MP: 6/6
  2987 | D:4      | Noticed Theopeo's ghost (amateur MiMo)
  3383 | D:4      | Found a runed door.
  3810 | D:4      | Noticed Natasha
  3813 | D:4      | Noticed Dowan
  3815 | D:4      | Noticed Duvessa
  3971 | D:4      | HP: 2/44 [something (6)]
  3971 | D:4      | Slain by an orc wizard

Skill      XL: |  1  2  3  4  5  6 |
---------------+-------------------+-----
Long Blades    | 4 5 |  5.6
Fighting       | 4 |  4.6
Dodging        | 4 |  4.0
Stealth        | |  2.6

Action                   |  1- 3 |  4- 6 || total
-------------------------+-------+-------++-------
Melee: Falchion          |    60 |   131 ||   191
       Constrict         |    23 |    38 ||    61
       Tentacles         |    24 |    31 ||    55
Throw: Stone             |       |    14 ||    14
 Stab: Sleeping          |    11 |     5 ||    16
       Distracted        |       |     1 ||     1
  Eat: Chunk             |       |    10 ||    10
Armor: Skin              |     2 |     6 ||     8
Dodge: Dodged            |    41 |    72 ||   113
       Rpst.: Falchion   |    16 |    19 ||    35
